 Dungeon Crawl Stone Soup version 0.30.1-11-g7821555f0a (webtiles) character file.

Game seed: 15025516362850836752

70 Peloso the Shield-Bearer (level 4, -1/40 HPs)
             Began as a Minotaur Fighter on Nov 7, 2023.
             Slain by an orc
             ... wielding a +1 whip of distortion
              (20 damage)
             ... on level 3 of the Dungeon.
             The game lasted 00:02:07 (1494 turns).

Peloso the Shield-Bearer (Minotaur Fighter)         Turns: 1494, Time: 00:02:08

Health: -1/40      AC:  7    Str: 21    XL:     4   Next: 4%
Magic:  3/3        EV:  9    Int:  5    God:
Gold:   78         SH:  5    Dex: 11    Spells: 3/3 levels left

rFire   . . .        a - +0 long sword
rCold   . . .        d - +0 buckler
rNeg    . . .        b - +0 scale mail
rPois   .            (helmet restricted)
rElec   .            (no cloak)
rCorr   .            (no gloves)
SInv    .            (no boots)
Will    .....        (no amulet) Stlth
                     (no ring)
HPRegen 0.26/turn    (no ring)
MPRegen 0.08/turn

%: no passive effects
@: no status effects
A: horns 2, retaliatory headbutt
a: no special abilities


You were on level 3 of the Dungeon.
You visited 1 branch of the dungeon, and saw 3 of its levels.

You collected 78 gold pieces.

Inventory:

Hand Weapons
 a - a +0 long sword (weapon)
 c - the +7 whip of Conversion {flame, rElec rPois}
   (You found it on level 2 of the Dungeon)

   rElec:     It insulates you from electricity.
   rPois:     It protects you from poison.
Armour
 b - a +0 scale mail (worn)
 d - a +0 buckler (worn)
Scrolls
 e - 5 scrolls of identify {unknown}
 f - a scroll of teleportation {unknown}
 g - a scroll of butterflies {unknown}
 h - a scroll of torment {unknown}
 k - a scroll of blinking {unknown}
 m - a scroll of noise {unknown}
Potions
 i - a potion of heal wounds {unknown}
 j - a potion of mutation {unknown}
 l - 4 potions of might


   Skills:
 + Level 4.3 Fighting
 + Level 3.0 Long Blades
 + Level 4.1 Armour
 + Level 0.5 Dodging
 + Level 4.6 Shields


You had 3 spell levels left.
You didn't know any spells.
Your spell library was empty.

Dungeon Overview and Level Annotations

Branches:
Dungeon (3/15)

Altars:
The Shining One

Annotations:
D:2 Dig


Innate Abilities, Weirdness & Mutations

You have a pair of horns on your head.
You reflexively headbutt those who attack you in melee.


Message History

The orc hits you but does no damage. Space warps around you.
The orc closely misses you.
You completely miss the orc. Your headbutt misses the orc.
The orc is heavily wounded.
You block the orc's attack.
The orc hits you with a +1 whip of distortion.
Space warps horribly around you!
Ouch! That really hurt!
* * * LOW HITPOINT WARNING * * *
The orc attacks as you move away! You block the orc's attack.
The orc attacks as you move away! The orc hits you but does no damage.
The orc attacks as you move away! The orc barely misses you.
You furiously retaliate!
You headbutt the orc!
You kill the orc!
You have reached level 4!
You feel stronger.
There is a stone staircase leading up here.
You climb upwards.
Level annotation: Dig
There is a stone staircase leading down here.
You start resting.
HP restored.
You can't go up here!
You climb downwards.
The orc hits you but does no damage. The orc barely misses you.
You furiously retaliate!
You headbutt the orc.
There is a stone staircase leading up here.
You hit the orc but do no damage.
The orc is heavily wounded.
The orc hits you but does no damage. Space warps around you.
The orc hits you with a +0 hand axe.
Unknown command.
You slash the orc!
You kill the orc!
The orc hits you but does no damage. Space warps horribly around you!
Unknown command.
You barely miss the orc.
The orc hits you with a +1 whip of distortion.
Space warps horribly around you!!
Ouch! That really hurt!
You die...

#.. #### +.. ..# ##..
#.# ....###.########
.........o.....#
##.#.##.######.#######
...o.o).# #.o.....#
##.#.#### #####...###
#.#.# #@o.....# ....#
#.).....# ##.###
#.......# ?. ###...###
... #...# ... ##.##
#.# #.# .#.


You could see an orc.

Vanquished Creatures
  2 adders (D:2)
  2 orcs (D:3)
  4 endoplasms (D:1)
  5 giant cockroaches
  5 goblins
  A hobgoblin (D:2)
  10 jackals
  2 quokkas
  3 ball pythons
  3 bats
  2 frilled lizards
  A kobold (D:1)
  4 rats
44 creatures vanquished.

Notes
Turn   | Place    | Note
-------+----------+-------------------------------------------
     0 | D:1      | Peloso the Minotaur Fighter began the quest for the Orb.
     0 | D:1      | Reached XP level 1. HP: 19/19 MP: 0/0
   118 | D:1      | Reached XP level 2. HP: 22/27 MP: 1/1
   452 | D:1      | Reached XP level 3. HP: 32/33 MP: 2/2
  1178 | D:2      | Found a glowing golden altar of the Shining One.
  1186 | D:2      | Identified the +7 whip of Conversion {flame, rElec rPois}
  1383 | D:3      | Reached XP level 4. HP: 12/40 MP: 3/3
  1494 | D:3      | Slain by an orc

Illustrated notes

Levels and vault maps discovered:
D:1:      lemuel_arrival_behind_the_door_small, layout_basic
D:2:      layout_basic, serial_glass, glass_columns_c, glass_columns_a,
          due_unseen_surprise, feat_on_display, basic_altar,
          minmay_misc_feat_cross
D:3:      layout_loops_cross, corexii_shack

Skill      XL: |  1  2  3 |
---------------+----------+-----
Shields        | 4 |  4.6
Fighting       | 4 |  4.3
Armour         | 4 |  4.1
Long Blades    | 3 |  3.0
Dodging        | |  0.5

Action                     |  1- 3 |  4- 6 || total
---------------------------+-------+-------++-------
  Melee: Long sword        |    92 |     3 ||    95
         Headbutt          |    10 |       ||    10
 Armour: Scale mail        |    56 |     3 ||    59
  Dodge: Dodged            |    73 |     1 ||    74
  Block: Buckler           |    34 |       ||    34
